 Dungeon Crawl Stone Soup version 0.28.0-43-g3370ac3207 (webtiles) character file.

Game seed: 5530259921048444331

204 Cape the Digger (level 5, -1/42 HPs)
             Began as a Gargoyle Earth Elementalist on Mar 19, 2022.
             Slain by an iguana (4 damage)
             ... on level 4 of the Dungeon.
             The game lasted 00:18:21 (4069 turns).

Cape the Digger (Gargoyle Earth Elementalist)       Turns: 4069, Time: 00:18:23

Health: -1/42      AC: 22    Str: 11    XL:     5   Next: 82%
Magic:  7/10       EV:  2    Int: 18    God:
Gold:   106        SH:  0    Dex: 10    Spells: 7/11 levels left

rFire   . . .      SeeInvis .   g - +0 dagger (speed)
rCold   . . .      Faith    .   (no shield)
rNeg    + . .      Spirit   .   (armour currently unavailable)
rPois   ∞          Reflect  .   (helmet currently unavailable)
rElec   .          Harm     .   (cloak currently unavailable)
rCorr   .          Rampage  .   (gloves currently unavailable)
Will    .....      NoTele   +   (boots currently unavailable)
Stlth   ++........              (no amulet)
HPRegen 0.14/turn               (no ring)
MPRegen 0.12/turn               (no ring)

@: tree-form
A: stationary, stasis, torment immunity, boosted hp, sickness immunity, AC +4,
negative energy resistance 1, (electricity resistance), torment resistance 1,
petrification resistance
a: no special abilities


You were on level 4 of the Dungeon.
You were a tree.
You visited 1 branch of the dungeon, and saw 4 of its levels.

You collected 136 gold pieces.
You spent 30 gold pieces at shops.

Inventory:

Hand Weapons
 g - a +0 dagger of speed (weapon)
Missiles
 c - 114 stones
 m - 2 boomerangs
 n - 3 poisoned darts (quivered)
Armour
 a - a +0 cloak (melded)
 i - a +1 leather armour (melded)
 o - a +0 helmet (melded)
Scrolls
 f - a scroll of teleportation
 j - a scroll of vulnerability {unknown}
Potions
 b - a potion of brilliance {unknown}
 d - a potion of berserk rage {unknown}
 h - a potion of flight {unknown}
 k - a potion of magic {unknown}
 l - a potion of haste {unknown}


   Skills:
 - Level 1.5 Dodging
 + Level 2.7 Stealth
 * Level 3.6 Spellcasting
 * Level 1.3 Conjurations
 - Level 1.6 Transmutations
 + Level 5.3 Earth Magic


You had 7 spell levels left.
You knew the following spells:

 Your Spells              Type           Power      Damage    Failure   Level
a - Sandblast             Erth           44%        2d11      1%          1
b - Stone Arrow           Conj/Erth      30%        3d8       12%         3

Your spell library contained the following spells:

 Spells                   Type           Power      Damage    Failure   Level
 Passwall                 Tmut/Erth      12%        N/A       5%          2
 Petrify                  Tmut/Erth      15%        N/A       36%         4


Dungeon Overview and Level Annotations

Branches:
Dungeon (4/15)
 Temple: D:4-7

Altars:

Shops:
D:1 *


Innate Abilities, Weirdness & Mutations

You are a tree.
Your roots penetrate the ground, keeping you stationary.
You cannot be teleported.
You are immune to unholy pain and torment.
Your maximum health is greatly increased.
Your equipment is partially melded.
You are immune to sickness and miasma.
((Your stone body is resilient. (AC +4)))
You are immune to poison.
You resist negative energy. (rN+)
((You are resistant to electric shocks. (rElec)))
You are resistant to unholy torment.
You are immune to petrification.


Message History

Press: ? - help, Q - select action, (/) - cycle Shift-Dir - straight line, f/p - iguana
Aim: an iguana (58% to hit)
You throw a poisoned dart.
The poisoned dart barely misses the iguana.
The iguana bites you!
Casting: Sandblast (safe; 2% risk of failure)
Confirm with . or Enter, or press ? or * to list all spells.
Aiming: Sandblast (safe; 2% risk of failure)
Press: ? - help, Shift-Dir - straight line, f/p - iguana
Aim: an iguana (83% to hit)
The blast of sand hits the iguana!
The iguana is heavily wounded.
c - 116 stones The iguana bites you!
Casting: Sandblast (safe; 2% risk of failure)
Confirm with . or Enter, or press ? or * to list all spells.
Aiming: Sandblast (safe; 2% risk of failure)
Press: ? - help, Shift-Dir - straight line, f/p - iguana
Aim: an iguana (heavily wounded, 83% to hit)
The blast of sand hits the iguana.
The iguana is severely wounded.
c - 115 stones The iguana closely misses you.
The iguana bites you!
* * * LOW HITPOINT WARNING * * *
Really quaff the potion of lignification?
You turn into a tree.
Your +0 cloak melds into your body.
Your +0 helmet melds into your body.
Your +1 leather armour melds into your body.
Your roots penetrate the ground.
The iguana bites you but does no damage. x2
Casting: Sandblast (safe; 1% risk of failure)
Confirm with . or Enter, or press ? or * to list all spells.
Aiming: Sandblast (safe; 1% risk of failure)
Press: ? - help, Shift-Dir - straight line, f/p - iguana
Aim: an iguana (severely wounded, 83% to hit)
The blast of sand hits the iguana.
You kill the iguana!
c - 114 stones The iguana bites you.
You die...

#.# #.# #
#.# #. #
#.# #
#.#.#.#.#
#...#.#.#
#.......#
#....♣..#
#...(l..#
#.......#
#.......#
#(#....##
#.#....#
# #.....
#..>##


You could see an iguana.

Vanquished Creatures
  A wyvern zombie (D:3)
  A bullfrog skeleton (D:3)
  An orc priest (D:3)
  An iguana (D:4)
  Robin (D:3)
  An adder (D:2)
  A worm (D:2)
  A dart slug (D:1)
  4 orcs (D:3)
  A ball python (D:2)
  3 endoplasms
  3 giant cockroaches
  13 goblins
  2 hobgoblins (D:2)
  4 jackals
  3 quokkas
  3 bats
  2 frilled lizards
  5 kobolds
  7 rats
58 creatures vanquished.

Notes
Turn   | Place    | Note
-------+----------+-------------------------------------------
     0 | D:1      | Cape the Gargoyle Earth Elementalist began the quest for
                  | the Orb.
     0 | D:1      | Reached XP level 1. HP: 10/10 MP: 3/3
   558 | D:1      | Reached skill level 1 in Transmutations
   558 | D:1      | Reached XP level 2. HP: 15/15 MP: 3/5
   672 | D:1      | Found Jojin's General Store.
   688 | D:1      | Bought a potion of lignification for 30 gold pieces
   768 | D:1      | Reached skill level 4 in Earth Magic
  1223 | D:2      | Reached XP level 3. HP: 1/19 MP: 0/6
  2002 | D:2      | Learned a level 3 spell: Stone Arrow
  2628 | D:3      | Reached XP level 4. HP: 11/24 MP: 2/8
  2890 | D:3      | Reached skill level 5 in Earth Magic
  2890 | D:3      | Reached XP level 5. HP: 26/28 MP: 7/10
  3320 | D:3      | Noticed Robin
  3356 | D:3      | Reached skill level 1 in Conjurations
  3359 | D:3      | Killed Robin
  4069 | D:4      | Slain by an iguana

Illustrated notes

Levels and vault maps discovered:
D:1:      heliophobic_arrival_ceremonial_halls, layout_basic, serial_shops,
          nicolae_shop_waterfront
D:2:      layout_basic
D:3:      layout_basic, uniq_robin
D:4:      layout_basic, marbit_many_paths, uniq_grinder

Skill      XL: |  1  2  3  4  5 |
---------------+----------------+-----
Transmutations | 1 |  1.6
Earth Magic    | 4 5 |  5.3
Spellcasting   | 3 |  3.6
Conjurations   | 1 |  1.3
Dodging        | |  1.5
Stealth        | |  2.7

Action                   |  1- 3 |  4- 6 || total
-------------------------+-------+-------++-------
Melee: Unarmed           |     3 |       ||     3
       Dagger            |    27 |    53 ||    80
       Punch             |       |     2 ||     2
Throw: Dart              |     1 |     3 ||     4
 Cast: Sandblast         |    55 |    36 ||    91
  Use: Scroll            |     3 |       ||     3
       Potion            |       |     1 ||     1
 Stab: Sleeping          |     1 |       ||     1
Armor: Robe              |    13 |       ||    13
       Leather armour    |     6 |    19 ||    25
       Skin              |       |     2 ||     2
Dodge: Dodged            |    47 |    28 ||    75
